 Dungeon Crawl Stone Soup version 0.23-a0-516-g0f8c245 (webtiles) character file.

29 theanonym the Vexing (level 3, 0/26 HPs)
             Began as a Mummy Enchanter on Dec 5, 2018.
             Slain by a jackal (2 damage)
             ... on level 2 of the Dungeon.
             The game lasted 00:01:25 (1697 turns).

theanonym the Vexing (Mummy Enchanter)              Turns: 1697, Time: 00:01:26

Health: 0/26       AC: 10    Str: 12    XL:     3   Next: 1%
Magic:  7/7        EV:  2    Int: 14    God:
Gold:   60         SH:  0    Dex: 12    Spells: 6/7 levels left

rFire    x . .     SeeInvis .   a - +1 dagger
rCold    + . .     Gourm    .   (no shield)
rNeg     + + +     Faith    .   i - +0 plate armour
rPois    ∞         Spirit   .   (no helmet)
rElec    .         Reflect  .   c - scarf {cloud immunity}
rCorr    .         Harm     .   (no gloves)
MR       .....                  (no boots)
Stlth    ..........             (no amulet)
HPRegen  0.08/turn              (no ring)
MPRegen  0.10/turn              (no ring)

@: about to teleport
A: no food or potions, fire vulnerability, cold resistance 1, negative energy
resistance 3, torment resistance, unbreathing
a: no special abilities


Innate Abilities, Weirdness & Mutations

You do not eat or drink.
Your flesh is vulnerable to fire.
You are immune to poison.
Your flesh is cold resistant. (rC+)
You are immune to negative energy. (rN+++)
You are immune to unholy pain and torment.
You can survive without breathing.


   Skills:
 + Level 1.3 Fighting
 * Level 2.0 Short Blades
 - Level 1.5 Dodging
 - Level 2.4 Stealth
 - Level 2.6 Spellcasting
 - Level 2.6 Hexes


You had 6 spell levels left.
You knew the following spells:

 Your Spells              Type           Power        Failure   Level  Hunger
a - Corona                Hex            #......      100%        1    N/A

Your spell library contained the following spells:

 Spells                   Type           Power        Failure   Level  Hunger
 Ensorcelled Hibernation  Hex/Ice        #.....       100%        2    N/A
 Confuse                  Hex            #.......     100%        3    N/A
 Dazzling Spray           Conj/Hex       #.....       100%        3    N/A
 Tukima's Dance           Hex            #.......     100%        3    N/A

Skill      XL: |  1  2 |
---------------+-------+-----
Short Blades   | 1 2 |  2.0
Fighting       | 1 |  1.3
Dodging        | |  1.5
Stealth        | |  2.4
Spellcasting   | |  2.6
Hexes          | |  2.6

Action                   || total
-------------------------++-------
Melee: Dagger            ||    86
  Use: Scroll            ||     2
Armor: Leather armour    ||    11
       Plate armour      ||    77
       Chain mail        ||    16
Dodge: Dodged            ||    36

Inventory:

Hand Weapons
 a - a +1 dagger (weapon)
Missiles
 j - 9 bolts
 k - 17 arrows
Armour
 b - a +0 robe
 c - a scarf of cloud immunity (worn)
   (You found it on level 1 of the Dungeon)
 d - a +0 leather armour
   (You found it on level 1 of the Dungeon)
 g - a +0 scale mail
   (You found it on level 1 of the Dungeon)
 h - a +0 chain mail
   (You found it on level 1 of the Dungeon)
 i - a +0 plate armour (worn)
   (You found it on level 1 of the Dungeon)
Scrolls
 r - 2 scrolls of identify


You were on level 2 of the Dungeon.
You were not hungry.

You visited 1 branch of the dungeon, and saw 2 of its levels.

You collected 60 gold pieces.

Dungeon Overview and Level Annotations

Branches:
Dungeon (2/15)

Altars:

#########.# ..
#.........##
######...
...........##
#........
#.########..#
#....... #.# ##.#
#.$?....
#.#########.## #....#
#............###h...#
...............hSg..+
#.........#...##@h..#
#.###...#.#.#.##b...#
#†#.......#.#..#....#
#)##..#.###.##.#....#
#.##........# +#....#
#....##.#..... .[...#
..#####.#..... ..####
..##....# .... ..#
..##.##.# ##


You could see an adder, 3 jackals, a hobgoblin and a bat.

Notes
Turn   | Place    | Note
-------+----------+-------------------------------------------
     0 | D:1      | theanonym the Mummy Enchanter began the quest for the Orb.
     0 | D:1      | Reached XP level 1. HP: 13/13 MP: 4/4
    21 | D:1      | Reached skill level 1 in Short Blades
   343 | D:1      | HP: 6/14 [dart slug/slug dart (5)]
   353 | D:1      | Reached XP level 2. HP: 5/20 MP: 5/5
   356 | D:1      | HP: 4/20 [rat (1)]
   714 | D:1      | Reached skill level 1 in Fighting
  1235 | D:2      | Reached skill level 2 in Short Blades
  1435 | D:2      | Reached XP level 3. HP: 14/26 MP: 7/7
  1691 | D:2      | HP: 13/26 [hobgoblin/+0 club (4)]
  1695 | D:2      | HP: 6/26 [bat (1)]
  1696 | D:2      | HP: 2/26 [jackal (1)]
  1697 | D:2      | Slain by a jackal

Vanquished Creatures
  An adder (D:2)
  A dart slug (D:1)
  A goblin (D:1)
  3 hobgoblins (D:1)
  A quokka (D:2)
  4 bats (D:1)
  2 frilled lizards
  A kobold (D:1)
  5 rats
19 creatures vanquished.

Table legend:
 A = Turns spent in this place as a percentage of turns spent in the entire game.
 B = Non-inter-level travel turns spent in this place as a percentage of non-inter-level travel turns spent in the entire game.
 C = Inter-level travel turns spent in this place as a percentage of turns spent in this place.
 D = Turns resting spent in this place as a percentage of non-inter-level travel turns spent in this place.
 E = Turns spent auto-exploring this place as a percentage of non-inter-level travel turns spent in this place.
 F = Non-inter-level travel turns spent in this place divided by the number of levels of this place that you've seen.
                   A       B       C       D       E      F
               +-------+-------+-------+-------+-------+----------------------
         Total | 100.0 | 100.0 |   1.6 |  39.1 |  47.8 | 835.0
       Dungeon | 100.0 | 100.0 |   1.6 |  39.1 |  47.8 | 835.0
               +-------+-------+-------+-------+-------+----------------------
